 Dungeon Crawl Stone Soup version 0.28.0 (webtiles) character file.

Game seed: 8858315469525047269

51 Sanktem7 the Covered (level 3, -7/33 HPs)
             Began as a Minotaur Fighter on Feb 11, 2022.
             Killed from afar by Sigmund (9 damage)
             ... with a puff of flame
             ... on level 2 of the Dungeon.
             The game lasted 00:00:47 (554 turns).

Sanktem7 the Covered (Minotaur Fighter)              Turns: 554, Time: 00:00:48

Health: -7/33      AC:  7    Str: 22    XL:     3   Next: 57%
Magic:  2/2        EV:  9    Int:  5    God:
Gold:   20         SH:  4    Dex:  9    Spells: 2/2 levels left

rFire   . . .      SeeInvis .   a - +0 war axe
rCold   . . .      Faith    .   c - +0 buckler
rNeg    . . .      Spirit   .   b - +0 scale mail
rPois   .          Reflect  .   (helmet restricted)
rElec   .          Harm     .   (no cloak)
rCorr   .          Rampage  .   (no gloves)
Will    .....                   (no boots)
Stlth   ..........              (no amulet)
HPRegen 0.11/turn               (no ring)
MPRegen 0.08/turn               (no ring)

@: no status effects
A: horns 2, retaliatory headbutt
a: no special abilities


You were on level 2 of the Dungeon.
You visited 1 branch of the dungeon, and saw 2 of its levels.

You collected 20 gold pieces.

Inventory:

Hand Weapons
 a - a +0 war axe (weapon)
Armour
 b - a +0 scale mail (worn)
 c - a +0 buckler (worn)
Scrolls
 e - a scroll of teleportation {unknown}
 f - a scroll of fog {unknown}
Potions
 d - a potion of might


   Skills:
 * Level 4.3 Fighting
 * Level 3.3 Axes
 * Level 4.5 Armour
 - Level 3.6 Shields


You had 2 spell levels left.
You didn't know any spells.
Your spell library contained the following spells:

 Spells                   Type           Power      Damage    Failure   Level
 Dazzling Flash           Conj/Hex       0%         N/A       99%         3
 Iskenderun's Mystic Bla  Conj/Tloc      0%         2d3       100%        4
 Starburst                Conj/Fire      0%         6d3       100%        6


Dungeon Overview and Level Annotations

Branches:
Dungeon (2/15)

Altars:

Annotations:
D:2 Sigmund


Innate Abilities, Weirdness & Mutations

You have a pair of horns on your head.
You reflexively headbutt those who attack you in melee.


Message History

The ball python grabs you. The ball python constricts you.
You barely miss the ball python. You headbutt the ball python.
You kill the ball python!
You see here a ball python corpse.
You see here a +0 dagger.
Found 18 sling bullets.
A kobold comes into view. It is wielding a +0 whip.
The kobold shouts!
The kobold throws a stone.
The stone hits you but does no damage.
A kobold is nearby!
A kobold is nearby!
A kobold is nearby!
A kobold is nearby!
Found 9 gold pieces.
Sigmund the Dreaded comes into view.
He is wielding a +0 scythe.
A rat comes into view.
Sigmund casts a spell at you.
You are confused.
You bump into the rock wall.
The kobold barely misses you.
You bump into the rock wall.
The kobold hits you with a +0 whip.
You bump into the rock wall.
The kobold hits you with a +0 whip.
Sigmund mumbles some strange words.
Sigmund flickers and vanishes!
Deactivating autopickup; reactivate with Ctrl-A.
You're too confused to move!
You feel less confused. The kobold hits you but does no damage.
Something hits you.
You slash the kobold!
You kill the kobold!
The rat misses you. Something hits you!
You slash the rat!
You kill the rat!
Something hits you!
* * * LOW HITPOINT WARNING * * *
Things that are here:
a +0 whip; 2 stones; a kobold corpse You hear some strange, mumbled words.
A puff of flame appears from out of thin air!
The puff of flame hits you!
You die...

###...### .......
..$.... ..... #...#
######...##############
.r....................#
########.############<..
.......@{.........(.....
###..###)##########.....
#...(......### ##....
##.###.###...# ##... #.#
###.# ##.# #.# #.# #.#
#.# #.# #.# #.#
#.#######.# ..#
#..........


There were no monsters in sight!

Vanquished Creatures
  4 adders (D:2)
  An endoplasm (D:2)
  A giant cockroach (D:2)
  2 goblins (D:2)
  2 hobgoblins
  3 ball pythons
  A kobold (D:2)
  3 rats (D:2)
17 creatures vanquished.

Notes
Turn   | Place    | Note
-------+----------+-------------------------------------------
     0 | D:1      | Sanktem7 the Minotaur Fighter began the quest for the Orb.
     0 | D:1      | Reached XP level 1. HP: 19/19 MP: 0/0
   188 | D:1      | You fall into a shaft and drop 1 floor!
   196 | D:2      | Reached XP level 2. HP: 27/27 MP: 1/1
   314 | D:2      | Reached XP level 3. HP: 27/33 MP: 2/2
   541 | D:2      | Noticed Sigmund
   552 | D:2      | HP: 1/33 [something (11)]
   554 | D:2      | Killed from afar by Sigmund

Illustrated notes

Levels and vault maps discovered:
D:1:      psy_arrival_basics, layout_loops_ring,
          hellmonk_ecumenical_altar_inner_sanctum, minmay_misc_feat_ornament,
          st_stairs_4
D:2:      layout_loops_ring, basic_altar, minmay_surrounded, uniq_sigmund,
          uniq_terence

Skill      XL: |  1  2 |
---------------+-------+-----
Armour         | 4 |  4.5
Fighting       | 4 |  4.3
Axes           | 3 |  3.3
Shields        | |  3.6

Action                   || total
-------------------------++-------
Melee: War axe           ||    37
       Headbutt          ||     2
Armor: Scale mail        ||    27
Dodge: Dodged            ||    22
Block: Buckler           ||     9
